 Dungeon Crawl Stone Soup version 0.20.1-1-g8b1a95d (webtiles) character file.

143689 troglodite the Blocker (level 16, -78/127 HPs)
             Began as a Demonspawn Berserker on Dec 27, 2017.
             Was a High Priest of Trog.
             Killed by Shatter
             ... invoked by Jorgrun
              (83 damage)
             ... on level 4 of the Swamp on Dec 28, 2017.
             The game lasted 02:21:45 (35086 turns).

troglodite the Blocker (Demonspawn Berserker)      Turns: 35086, Time: 02:21:47

Health: -78/127    AC: 39    Str: 15    XL:     16   Next: 83%
Magic:  0/16       EV:  2    Int: 15    God:    Trog [*****.]
Gold:   1385       SH:  0    Dex: 19    Spells: 15/15 levels left

rFire    + + .     SeeInvis +   n - +11 spear of Honystrir {protect, rF+}
rCold    . . .     Gourm    .   D - +1 shield {AC+3}
rNeg     + + +     Faith    .   k - +4 crystal plate armour
rPois    ∞         Spirit   +   H - +2 helmet of the Tormentor {SInv}
rElec    +         Reflect  +   B - +2 cloak
rCorr    .         Harm     .   S - +2 pair of gloves of Beyond {*Corrode +Fly rN++ MR- Int+2}
MR       +....                  (boots unavailable)
Stlth    ..........             A - +3 amulet of reflection
Regen    0.4/turn               W - ring "Lasame" {rElec rF+ Str-5 Int+4 SInv}
MPRegen  0.3/turn               C - +4 ring of dexterity

@: petrified
A: talons 3, repulsion field 2, clumsy 1, magic resistance 1, poison resistance,
powered by death 1, magic shield, magic regeneration, magic link, subdued magic
1
a: Berserk, Trog's Hand, Brothers in Arms, Burn Spellbooks, Renounce Religion,
Evoke Flight


You were on level 4 of the Swamp.
You worshipped Trog.
Trog was extremely pleased with you.
You were not hungry.

You visited 4 branches of the dungeon, and saw 27 of its levels.
You also visited: Ice Cave and Volcano.

You collected 3522 gold pieces.
You spent 2137 gold pieces at shops.

Inventory:

Hand Weapons
 a - a +4 scimitar of flaming
 c - the +7 hand crossbow of Pestilence {elec, rF++ Str+2 Int-4 Stlth+}
   (You found it on level 14 of the Dungeon)

   It charges the ammunition it shoots with electricity; occasionally upon a
   hit, such missiles may discharge and cause terrible harm.
   It affects your strength (+2).
   It affects your intelligence (-4).
   It greatly protects you from fire.
   It makes you more stealthy.
 n - the +11 spear of Honystrir (weapon) {protect, rF+}
   (Trog gifted it to you on level 3 of the Swamp)

   It protects the one who uses it against injury (+AC on strike).
   It protects you from fire.
 F - the +10 dagger "Vimolaqa" {drain, rN+ Int+2}
   (You found it on level 5 of the Lair of Beasts)

   A truly terrible weapon, it drains the life of those it strikes.
   It affects your intelligence (+2).
   It protects you from negative energy.
 O - the +4 trident of Sloth {pierce, *Contam MR++ Int+4}
   (You found it on level 13 of the Dungeon)

   It inflicts extra damage upon your enemies.
   It affects your intelligence (+4).
   It affects your resistance to hostile enchantments.
   It causes magical contamination when unequipped.
Missiles
 w - 137 bolts
Armour
 k - a +4 crystal plate armour (worn)
 B - a +2 cloak (worn)
 D - a +1 shield of protection (worn)
 H - the +2 helmet of the Tormentor (worn) {SInv}
   (You bought it in a shop on level 7 of the Dungeon)

   It lets you see invisible.
 L - a +2 pair of gloves
 S - the +2 pair of gloves of Beyond (worn) {*Corrode +Fly rN++ MR- Int+2}
   (You found it on level 3 of the Swamp)

   It affects your intelligence (+2).
   It greatly protects you from negative energy.
   It affects your resistance to hostile enchantments.
   It lets you fly.
   It may corrode you when you take damage.
 U - +3 storm dragon scales {Bai Suzhen}
Jewellery
 b - a +5 ring of strength
 i - an uncursed ring of protection from magic
 A - a +3 amulet of reflection (around neck)
 C - a +4 ring of dexterity (right hand)
 J - an uncursed ring of resist corrosion
 K - an uncursed ring of flight
 W - the ring "Lasame" (left hand) {rElec rF+ Str-5 Int+4 SInv}
   (You found it on level 5 of the Lair of Beasts)

   [ring of see invisible]

   It affects your strength (-5).
   It affects your intelligence (+4).
   It protects you from fire.
   It insulates you from electricity.
   It lets you see invisible.
Wands
 h - a wand of clouds (4/9)
 N - a wand of digging (13/24)
Scrolls
 d - 13 scrolls of remove curse
 x - a scroll of torment {unknown}
 y - 11 scrolls of teleportation
 z - 4 scrolls of recharging
 E - 4 scrolls of magic mapping
 I - 2 scrolls of blinking
 M - 4 scrolls of fog
 Q - a scroll of identify
 T - a scroll of brand weapon
 Y - 5 scrolls of fear
Potions
 e - 7 potions of agility
 g - 8 potions of haste
 l - 6 potions of ambrosia
 o - 7 potions of curing
 p - 9 potions of heal wounds
 r - 2 potions of brilliance
 s - 2 potions of might
 t - 4 potions of berserk rage
 u - a potion of mutation
 v - 7 potions of flight
 G - 3 potions of magic
 R - 3 potions of invisibility
 Z - 4 potions of cancellation
Comestibles
 f - 8 bread rations
 j - a meat ration
 m - 17 royal jellies
 q - 14 fruits
 P - 5 chunks of flesh


   Skills:
 * Level 11.7 Fighting
 + Level 8.6(9.7) Short Blades
 + Level 7.0(8.9) Long Blades
 + Level 8.3 Polearms
 * Level 4.2 Crossbows
 * Level 12.7 Armour
 * Level 11.0 Dodging
 + Level 2.8 Stealth
 * Level 14.8 Shields
 + Level 0.4 Evocations


You had 15 spell levels left.
You didn't know any spells.

Dungeon Overview and Level Annotations

Branches:
Dungeon (15/15)            Temple (0/1) D:4            Lair (6/6) D:9
  Swamp (4/4) Lair:2        Snake (0/4) Lair:4        Slime (0/5) Lair:6
    Orc (2/2) D:11            Elf (0/3) Orc:2        Vaults (0/5) D:13
 Depths (0/5) D:15

Altars:
Dithmenos
Fedhas
Hepliaklqana
Kikubaaqudgha
Makhleb
Okawaru
Qazlal
Ru
Trog
Xom
Zin

Shops:
D:6 (   D:7 [   Orc:1 *   Orc:2 [}[%

Annotations:
Swamp:4 Jorgrun


Innate Abilities, Weirdness & Mutations

You have claws for feet.
You are surrounded by a moderate repulsion field. (EV +3)
You regenerate a little health from kills.
When hurt, damage is shared between your health and your magic reserves.
You regenerate magic rapidly.
When low on magic, you restore magic in place of health.
You are clumsy. (Dex -2)
You are resistant to hostile enchantments. (MR+)
Your system is resistant to poisons. (rPois)
Your spells are a little easier to cast, but a little less powerful.


Message History

The dungeon rumbles around Jorgrun!
You shudder from the earth-shattering force.
The spiny frog dies!
Ka-crash!
Jorgrun hits you but does no damage. Jorgrun casts a spell at you.
You resist with significant effort.
Jorgrun casts a spell.
The dungeon rumbles around Jorgrun!
You shudder from the earth-shattering force.
* * * LOW HITPOINT WARNING * * *
Ka-crash!
Jorgrun hits you but does no damage.
You are no longer corroded.
Jorgrun says, "'tis place shall be yer tomb!"
Jorgrun casts a spell.
The dungeon rumbles around Jorgrun!
You shudder from the earth-shattering force.
Ouch! That really hurt!
You die...

♣♣♣♣♣
♣♣♣♣♣♣♣...♣♣≈♣♣
♣♣♣≈.≈≈..≈≈≈..≈≈♣
♣..≈≈≈≈≈≈≈≈≈≈.≈♣
♣.≈≈≈≈≈≈≈≈≈..§≈♣
♣♣♣≈..≈≈≈.≈≈.≈♣♣ ♣
♣♣♣≈≈.<.♣♣♣≈≈≈.≈≈♣≈≈
♣♣♣
♣.≈≈.≈≈≈♣♣♣♣........
≈≈♣
♣.≈≈≈≈.≈≈†Dg@.≈♣♣.≈≈
≈≈♣ ♣♣...§≈≈≈≈D♣♣♣♣♣
≈≈ ≈♣ ♣♣.≈♣♣♣≈≈≈≈≈
.♣♣♣.≈≈.♣♣≈≈≈≈
≈≈≈.≈≈≈≈♣≈≈≈..
≈≈≈≈≈≈≈.♣♣♣♣≈
≈≈≈≈≈≈≈≈♣ .≈
.≈≈≈≈≈≈.♣♣♣♣♣
≈♣≈.≈≈≈≈.)<≈♣


You could see Jorgrun and 2 swamp dragons.

Vanquished Creatures
  Bai Suzhen (Swamp:4)
  Nikola (Swamp:2)
  2 thorn hunters (Swamp:2)
  Donald (Swamp:3)
  The ghost of p0werm0de the Severer, a journeyman DDFi of Makhleb (Swamp:4)
  The ghost of tarantulino the Fighter, a journeyman KoGl of Dithmenos (D:14)
  A stone giant (Volcano)
  An ettin (Orc:1)
  Snorg (Lair:6)
  A fire dragon (Swamp:4)
  Josephine (D:15)
  Erolcha (Orc:1)
  A vault guard (D:13)
  Harold (Orc:1)
  Erica (Orc:1)
  13 hydras
  An ice dragon (IceCv)
  A ghost crab (Swamp:3)
  A centaur warrior (D:13)
  2 catoblepae (Lair:6)
  The ghost of bmj180 the Geomancer, a journeyman GrEE of Vehumet (D:11)
  A deep troll shaman (Lair:6)
  2 ogre magi (Orc:2)
  7 alligators
  13 two-headed ogres
  6 death yaks
  A fire crab (shapeshifter) (D:13)
  2 skeletal warriors (D:13)
  An unseen horror (D:10)
  2 swamp dragons
  3 spriggan druids
  3 shambling mangroves
  A wizard (D:13)
  Pikel (D:8)
  An orc knight (D:15)
  2 necromancers
  A lindwurm (Lair:3)
  2 orc sorcerers (Orc:2)
  2 wolf spider zombies
  2 deep elf magi (D:14)
  6 ugly things
  2 cyclopes
  Joseph (D:7)
  3 elephants (Lair:6)
  2 ice statues (IceCv)
  Psyche (D:11)
  An elephant (shapeshifter) (D:15)
  6 centaur zombies
  4 black mambas
  17 spiny frogs
  2 molten gargoyles (Volcano)
  6 rime drakes
  A komodo dragon (shapeshifter) (D:15)
  An efreet (Volcano)
  3 komodo dragons
  5 tyrant leeches
  2 tengu conjurers (D:14)
  A merfolk (D:10)
  6 trolls
  A polar bear (D:13)
  Grinder (D:5)
  13 dream sheep
  11 slime creatures
  18 hornets
  Prince Ribbit (D:7)
  4 bog bodies
  13 blink frogs
  A blink frog (shapeshifter) (D:15)
  7 hippogriffs
  A meliai zombie (D:14)
  4 centaur simulacra
  11 spriggans
  2 vampires
  4 wraiths
  3 shadows
  3 wyverns
  7 basilisks
  2 water elementals (D:15)
  2 fire elementals (Volcano)
  28 yaks
  4 hungry ghosts
  2 fire bats (Volcano)
  16 humans
  14 vampire mosquitoes
  10 swamp worms
  2 nagas (Lair:4)
  A warg (Orc:1)
  10 insubstantial wisps
  A soldier ant (shapeshifter) (D:15)
  An acid dragon (D:15)
  A soldier ant (D:14)
  16 water moccasins
  Edmund (D:6)
  8 porcupines
  Duvessa (D:7)
  A meliai simulacrum (D:13)
  4 swamp drakes
  2 black bears
  12 orc warriors
  21 ice beasts
  5 sky beasts
  2 necrophages
  A hornet zombie (D:12)
  10 wolves
  32 ogres
  4 boggarts (D:15)
  11 centaurs
  12 crocodiles
  Blork the orc (D:5)
  11 bullfrogs
  2 big kobolds (D:7)
  2 earth elementals (Volcano)
  Dowan (D:7)
  4 scorpions
  A troll zombie (D:11)
  4 killer bees (D:9)
  13 wights
  15 electric eels
  2 howler monkeys (D:8)
  6 crimson imps
  7 lava snakes (Volcano)
  The ghost of Ymberto the Magician, a weakling DEWz of Sif Muna (D:3)
  4 bullfrog zombies
  8 hounds
  2 quasits
  13 jellies
  5 orc priests
  Crazy Yiuf (D:5)
  19 orc wizards
  4 iguanas
  Ijyb (D:5)
  12 worker ants
  3 yak simulacra (Lair:2)
  4 polar bear simulacra (Lair:2)
  2 wolf simulacra (Lair:2)
  3 bullfrog simulacra (D:13)
  2 ogre zombies (D:11)
  A worker ant zombie (D:11)
  A howler monkey skeleton (D:7)
  13 adders
  3 shadow imps
  3 white imps (D:13)
  An ufetubus (D:13)
  An ooze (D:3)
  An adder skeleton (D:9)
  3 worms
  A dart slug (D:2)
  10 leopard geckos
  70 orcs
  2 giant cockroaches
  6 hobgoblins
  14 jackals
  2 quokkas (D:4)
  4 ball pythons
  7 bats
  2 frilled lizards
  7 goblins
  2 goblin zombies (D:11)
  3 hobgoblin zombies (D:11)
  A jackal skeleton (D:7)
  21 kobolds
  An orc skeleton (D:11)
  5 orc zombies (D:11)
  A quokka zombie (D:8)
  12 rats
  2 river rat simulacra (Lair:2)
  4 fungi
857 creatures vanquished.

Vanquished Creatures (collateral kills)
  A thorn hunter (Swamp:1)
  A stone giant (Orc:2)
  2 vault guards (D:13)
  An ice dragon (IceCv)
  A hydra (D:11)
  2 ogre magi (Orc:2)
  A catoblepas (Lair:6)
  4 two-headed ogres
  3 death yaks
  A two-headed ogre (shapeshifter) (D:15)
  2 slime creatures (D:15)
  A fire crab (shapeshifter) (D:15)
  A skeletal warrior (D:13)
  A lindwurm (Lair:6)
  A necromancer (D:13)
  An ugly thing (D:15)
  6 elephants (Lair:6)
  2 hornets (Swamp:2)
  6 dream sheep (Lair:6)
  5 spriggans (Swamp:2)
  3 yaks (Lair:2)
  A basilisk (Lair:2)
  2 humans (D:13)
  An insubstantial wisp (Swamp:2)
  A water moccasin (Lair:6)
  2 swamp drakes
  2 orc warriors (Orc:2)
  3 phantoms (D:11)
  6 ogres (Orc:2)
  A troll zombie (D:11)
  2 electric eels (D:11)
  5 jellies (Lair:6)
  2 orc wizards
  2 ogre zombies (D:11)
  An orc (Orc:2)
  2 goblin zombies (D:11)
  An orc skeleton (D:11)
  5 orc zombies (D:11)
85 creatures vanquished.

Vanquished Creatures (others)
  A centaur warrior (D:12)
  A lindwurm (Swamp:4)
  A cyclops (D:13)
  A centaur skeleton (D:13)
  A spiny frog (Swamp:4)
  A steam dragon (Swamp:4)
  A swamp worm (Swamp:3)
  8 swamp drakes
  An eye of draining (D:8)
  A slave (D:8)
  2 centaurs (D:12)
  An orc priest (D:13)
  A bullfrog skeleton (D:13)
  3 briar patches
  7 fungi
  6 plants
  5 toadstools (Swamp:1)
42 creatures vanquished.

Grand Total: 984 creatures vanquished

Notes
Turn   | Place    | Note
-------+----------+-------------------------------------------
     0 | D:1      | troglodite the Demonspawn Berserker began the quest for the Orb.
     0 | D:1      | Reached XP level 1. HP: 18/18 MP: 1/1
   397 | D:1      | Gained mutation: You are surrounded by a mild repulsion field. (EV +2) [demonic ancestry]
   397 | D:1      | Reached XP level 2. HP: 24/24 MP: 2/2
   980 | D:2      | Reached ** piety under Trog
   980 | D:2      | Gained mutation: When hurt, damage is shared between your health and your magic reserves. [demonic ancestry]
   980 | D:2      | Reached XP level 3. HP: 27/29 MP: 3/3
  1283 | D:2      | Found a bloodstained altar of Trog.
  1375 | D:2      | Gained mutation: You have sharp toenails. [demonic ancestry]
  1375 | D:2      | Reached XP level 4. HP: 28/35 MP: 4/4
  2243 | D:3      | Noticed Ymberto's ghost (weakling DEWz)
  2252 | D:3      | Killed Ymberto's ghost
  2252 | D:3      | Reached XP level 5. HP: 42/42 MP: 5/5
  2532 | D:4      | Found a staircase to the Ecumenical Temple.
  2632 | D:4      | Reached *** piety under Trog
  3259 | D:4      | Gained mutation: You regenerate a little health from kills. [demonic ancestry]
  3259 | D:4      | Reached XP level 6. HP: 34/48 MP: 3/6
  3475 | D:4      | Found a burning altar of Makhleb.
  3475 | D:4      | Found a shimmering altar of Xom.
  3636 | D:5      | Entered Level 5 of the Dungeon
  3661 | D:5      | Noticed Grinder
  3674 | D:5      | Paralysed by Grinder for 4 turns
  3708 | D:5      | Killed Grinder
  3708 | D:5      | Gained mutation: You have razor-sharp toenails. [demonic ancestry]
  3708 | D:5      | Reached XP level 7. HP: 18/55 MP: 4/7
  3927 | D:5      | Reached skill level 5 in Long Blades
  3970 | D:5      | Noticed Ijyb
  3972 | D:5      | Noticed Blork the orc
  3979 | D:5      | Killed Blork the orc
  3985 | D:5      | Killed Ijyb
  4490 | D:5      | Reached skill level 1 in Stealth
  4610 | D:5      | Found a runed door.
  4614 | D:5      | Noticed Crazy Yiuf
  4620 | D:5      | Killed Crazy Yiuf
  4744 | D:5      | Reached skill level 1 in Shields
  4744 | D:5      | Reached XP level 8. HP: 48/61 MP: 8/8
  4997 | D:6      | Found Jeanoup's Antique Weapon Boutique.
  5004 | D:6      | Reached skill level 5 in Armour
  5063 | D:6      | Reached skill level 5 in Fighting
  5281 | D:6      | Found a glowing silver altar of Zin.
  5635 | D:6      | Noticed Edmund
  5650 | D:6      | Killed Edmund
  5650 | D:6      | Reached skill level 2 in Shields
  5731 | D:6      | Found an iron altar of Okawaru.
  6056 | D:7      | Noticed Joseph
  6069 | D:7      | Killed Joseph
  6069 | D:7      | Gained mutation: You regenerate magic rapidly. [demonic ancestry]
  6069 | D:7      | Reached XP level 9. HP: 68/68 MP: 7/9
  6172 | D:7      | Found an iron altar of Okawaru.
  6203 | D:7      | Found Uxza Nur's Antique Armour Emporium.
  6218 | D:7      | Bought a polished helmet for 228 gold pieces
  6223 | D:7      | Identified the +2 helmet of the Tormentor {SInv} (You bought it in a shop on level 7 of the Dungeon)
  6238 | D:7      | Found a hazy altar of Hepliaklqana.
  6293 | D:7      | Reached **** piety under Trog
  6293 | D:7      | Reached skill level 5 in Dodging
  6315 | D:7      | Noticed Duvessa
  6322 | D:7      | Noticed Dowan
  6332 | D:7      | Killed Duvessa
  6332 | D:7      | Reached skill level 3 in Shields
  6334 | D:7      | Killed Dowan
  6515 | D:7      | Noticed Prince Ribbit
  6521 | D:7      | Killed Prince Ribbit
  6906 | D:7      | Reached skill level 1 in Short Blades
  7303 | D:8      | Received a gift from Trog
  7391 | D:8      | Reached skill level 4 in Shields
  7536 | D:8      | Reached ***** piety under Trog
  7544 | D:8      | Gained mutation: You have claws for feet. [demonic ancestry]
  7544 | D:8      | Reached XP level 10. HP: 76/76 MP: 10/10
  7572 | D:8      | Noticed Pikel
  7578 | D:8      | Killed Pikel
  8327 | D:9      | Reached skill level 5 in Shields
  8478 | D:9      | Found a staircase to the Lair.
  8673 | D:9      | Found a blossoming altar of Fedhas.
  8692 | D:9      | Found an ancient bone altar of Kikubaaqudgha.
  8981 | D:9      | Reached skill level 6 in Shields
  9099 | D:10     | Entered Level 10 of the Dungeon
  9567 | D:10     | Reached XP level 11. HP: 84/84 MP: 11/11
  9691 | D:10     | Noticed an unseen horror
  9712 | D:10     | Killed an unseen horror
  9781 | D:10     | Reached skill level 5 in Short Blades
 10111 | D:11     | Found a frozen archway.
 10122 | IceCv    | Entered an ice cave
 10145 | IceCv    | Reached skill level 7 in Shields
 10589 | IceCv    | Noticed an ice dragon
 10590 | IceCv    | Noticed an ice dragon
 10595 | IceCv    | Killed an ice dragon
 10597 | IceCv    | Killed an ice dragon
 11084 | D:11     | Found a staircase to the Orcish Mines.
 11095 | D:11     | Reached skill level 8 in Shields
 11108 | D:11     | Received a gift from Trog
 11292 | D:11     | Noticed a two-headed ogre
 11302 | D:11     | Killed a two-headed ogre
 11435 | D:11     | Noticed a brown ugly thing
 11445 | D:11     | Killed a brown ugly thing
 11596 | D:11     | Reached ****** piety under Trog
 11803 | D:11     | Noticed bmj180's ghost (journeyman GrEE)
 11826 | D:11     | Killed bmj180's ghost
 11826 | D:11     | Received a gift from Trog
 11826 | D:11     | Reached XP level 12. HP: 92/92 MP: 12/12
 11858 | D:11     | Noticed a two-headed ogre
 11862 | D:11     | Killed a two-headed ogre
 11870 | D:11     | Noticed a seven-headed hydra
 11874 | D:11     | Killed a seven-headed hydra
 12045 | D:11     | Noticed Psyche
 12056 | D:11     | Killed Psyche
 12311 | D:12     | Reached skill level 9 in Shields
 12434 | D:12     | Found a shadowy altar of Dithmenos.
 12472 | D:12     | Got a twisted leather armour
 12483 | D:12     | Identified the cursed +0 leather armour "Hadul" {rN+ Str+3 SInv} (You found it on level 12 of the Dungeon)
 12682 | D:12     | Noticed a seven-headed hydra
 12689 | D:12     | Killed a seven-headed hydra
 13275 | D:13     | Got a brightly glowing trident
 13276 | D:13     | Identified the +4 trident of Sloth {pierce, *Contam MR++ Int+4} (You found it on level 13 of the Dungeon)
 13291 | D:13     | Noticed a two-headed ogre
 13308 | D:13     | Killed a two-headed ogre
 13610 | D:13     | Reached skill level 1 in Polearms
 13731 | D:13     | Found a stormy altar of Qazlal.
 14158 | D:13     | Noticed a centaur warrior
 14179 | D:13     | Killed a centaur warrior
 14482 | D:13     | Reached skill level 10 in Shields
 14574 | D:13     | Reached XP level 13. HP: 100/100 MP: 13/13
 14593 | D:13     | Found a gate to the Vaults.
 14608 | D:13     | Reached skill level 10 in Armour
 15129 | Orc:1    | Entered Level 1 of the Orcish Mines
 15182 | Orc:1    | Noticed Harold
 15189 | Orc:1    | Noticed Erolcha
 15199 | Orc:1    | Killed Harold
 15203 | Orc:1    | Killed Erolcha
 15293 | Orc:1    | Found Daug's General Store.
 15468 | Orc:1    | Noticed Erica
 15487 | Orc:1    | Killed Erica
 15702 | Orc:2    | Entered Level 2 of the Orcish Mines
 15874 | Orc:2    | Noticed a stone giant
 15898 | Orc:2    | Killed a stone giant
 15898 | Orc:2    | Received a gift from Trog
 16136 | Orc:2    | Found a bloodstained altar of Trog.
 16224 | Orc:2    | Found a staircase to the Elven Halls.
 16610 | Orc:2    | Reached skill level 5 in Polearms
 16618 | Orc:2    | Reached skill level 11 in Shields
 16932 | Orc:2    | Gained mutation: You are surrounded by a moderate repulsion field. (EV +3) [demonic ancestry]
 16932 | Orc:2    | Reached XP level 14. HP: 36/109 MP: 7/14
 17228 | Orc:2    | Found Ohaopie's Gadget Boutique.
 17228 | Orc:2    | Found Bosto's Food Emporium.
 17228 | Orc:2    | Found Guqeebru's Antique Armour Shoppe.
 17228 | Orc:2    | Found Rasececs's Antique Armour Boutique.
 17795 | Orc:2    | Bought a shiny crystal plate armour for 1909 gold pieces
 17947 | D:11     | Gained mutation: You are clumsy. (Dex -2) [mutagenic glow]
 17998 | Lair:1   | Entered Level 1 of the Lair of Beasts
 19900 | Lair:2   | Found a dark tunnel.
 19959 | Volcano  | Entered a volcano
 20371 | Volcano  | Found a bloodstained altar of Trog.
 20443 | Volcano  | Reached skill level 12 in Shields
 20459 | Volcano  | Noticed a stone giant
 20472 | Volcano  | Killed a stone giant
 20749 | Volcano  | Reached skill level 10 in Fighting
 20879 | Lair:2   | Found a staircase to the Swamp.
 21175 | Lair:2   | Lost mutation: You are clumsy. (Dex -2) [potion of mutation]
 21175 | Lair:2   | Gained mutation: You are frail. (-10% HP) [potion of mutation]
 21175 | Lair:2   | Gained mutation: You have a pair of small horns on your head. [potion of mutation]
 21175 | Lair:2   | Gained mutation: You are resistant to electric shocks. (rElec) [potion of mutation]
 21176 | Lair:2   | Lost mutation: You are resistant to electric shocks. (rElec) [potion of mutation]
 21176 | Lair:2   | Lost mutation: You are frail. (-10% HP) [potion of mutation]
 21176 | Lair:2   | Lost mutation: You have a pair of small horns on your head. [potion of mutation]
 21176 | Lair:2   | Gained mutation: You are clumsy. (Dex -2) [potion of mutation]
 21176 | Lair:2   | Gained mutation: Your system is resistant to poisons. (rPois) [potion of mutation]
 21176 | Lair:2   | Gained mutation: You are resistant to hostile enchantments. (MR+) [potion of mutation]
 21187 | Lair:2   | Received a gift from Trog
 23054 | Lair:4   | Found a staircase to the Snake Pit.
 23470 | Lair:5   | Got a crude granite ring
 23472 | Lair:5   | Identified the ring "Lasame" {rElec rF+ Str-5 Int+4 SInv} (You found it on level 5 of the Lair of Beasts)
 24022 | Lair:5   | Got a smoking dagger
 24032 | Lair:5   | Identified the +10 dagger "Vimolaqa" {drain, rN+ Int+2} (You found it on level 5 of the Lair of Beasts)
 24069 | Lair:5   | Gained mutation: Your spells are a little easier to cast, but a little less powerful. [mutagenic glow]
 24430 | Lair:6   | Entered Level 6 of the Lair of Beasts
 24469 | Lair:6   | Gained mutation: When low on magic, you restore magic in place of health. [demonic ancestry]
 24469 | Lair:6   | Reached XP level 15. HP: 116/117 MP: 12/15
 24541 | Lair:6   | Received a gift from Trog
 24865 | Lair:6   | Noticed Snorg
 24886 | Lair:6   | Killed Snorg
 25102 | Lair:6   | Found a staircase to the Slime Pits.
 25407 | Lair:6   | Reached skill level 13 in Shields
 25423 | Lair:6   | Reached skill level 10 in Dodging
 26698 | D:13     | Received a gift from Trog
 27019 | D:14     | Got a brightly glowing hand crossbow
 27064 | D:14     | Identified the +7 hand crossbow of Pestilence {elec, rF++ Str+2 Int-4 Stlth+} (You found it on level 14 of the Dungeon)
 27087 | D:14     | Noticed tarantulino's ghost (journeyman KoGl)
 27110 | D:14     | Killed tarantulino's ghost
 27385 | D:14     | Found a sacrificial altar of Ru.
 28903 | D:15     | Entered Level 15 of the Dungeon
 29289 | D:15     | Noticed Josephine
 29298 | D:15     | Killed Josephine
 29303 | D:15     | Reached skill level 1 in Crossbows
 29336 | D:15     | Received a gift from Trog
 29548 | D:15     | Found a shimmering altar of Xom.
 30168 | D:15     | Found a staircase to the Depths.
 30423 | Swamp:1  | Entered Level 1 of the Swamp
 30650 | Swamp:1  | Noticed a thorn hunter
 30666 | Swamp:1  | Killed a thorn hunter
 30830 | Swamp:1  | Received a gift from Trog
 30893 | Swamp:1  | Reached XP level 16. HP: 107/125 MP: 16/16
 31997 | Swamp:2  | Noticed Nikola
 32010 | Swamp:2  | Killed Nikola
 32010 | Swamp:2  | Reached skill level 14 in Shields
 32153 | Swamp:2  | Noticed a thorn hunter
 32188 | Swamp:2  | Killed a thorn hunter
 32954 | Swamp:2  | Noticed a thorn hunter
 32991 | Swamp:2  | Killed a thorn hunter
 33364 | Swamp:3  | Received a gift from Trog
 33415 | Swamp:3  | Got an ichor-stained spear {god gift}
 33421 | Swamp:3  | Identified the +11 spear of Honystrir {protect, rF+} (Trog gifted it to you on level 3 of the Swamp)
 33801 | Swamp:3  | Noticed Donald
 33820 | Swamp:3  | Killed Donald
 33963 | Swamp:3  | Got a pair of blackened gloves
 33976 | Swamp:3  | Identified the +2 pair of gloves of Beyond {*Corrode +Fly rN++ MR- Int+2} (You found it on level 3 of the Swamp)
 34359 | Swamp:4  | Entered Level 4 of the Swamp
 34616 | Swamp:4  | Noticed p0werm0de's ghost (journeyman DDFi)
 34692 | Swamp:4  | Killed p0werm0de's ghost
 34963 | Swamp:4  | Noticed Bai Suzhen
 34992 | Swamp:4  | Killed Bai Suzhen
 35049 | Swamp:4  | Noticed Jorgrun
 35084 | Swamp:4  | HP: 5/127 [Jorgrun/Shatter (59)]
 35086 | Swamp:4  | Killed from afar by Jorgrun

Skill      XL: |  1  2  3  4  5  6  7  8  9 10 11 12 13 14 15 16 |
---------------+-------------------------------------------------+-----
Dodging        | 2 3 4 5 6 8 9 10 11 | 11.0
Long Blades    | 3 4 5 6 7 |  7.0
Armour         | 2 3 4 6 7 8 9 10 11 12 | 12.7
Fighting       | 4 5 6 7 8 9 10 11 | 11.7
Stealth        | 1 2 |  2.8
Shields        | 1 2 4 6 8 10 11 12 13 14 | 14.8
Short Blades   | 2 4 6 8 |  8.6
Polearms       | 3 6 7 8 |  8.3
Crossbows      | 2 4 |  4.2
Evocations     | |  0.4

Action                   |  1- 3 |  4- 6 |  7- 9 | 10-12 | 13-15 | 16-18 || total
-------------------------+-------+-------+-------+-------+-------+-------++-------
Melee: Falchion          |    83 |   127 |   188 |       |       |       ||   398
       Kick              |       |    40 |   122 |   352 |   859 |   324 ||  1697
       Rapier            |       |       |   112 |       |       |       ||   112
       Dagger            |       |       |    22 |   750 |  1026 |   463 ||  2261
       Trident           |       |       |       |   219 |  1151 |       ||  1370
       Spear             |       |       |       |       |       |   473 ||   473
Invok: Berserk           |     2 |     4 |     8 |    16 |    14 |     8 ||    52
       Burn Spellbooks   |       |       |     2 |     3 |     2 |       ||     7
       Brothers in Arms  |       |       |       |     4 |    11 |     3 ||    18
 Abil: Evoke Flight      |       |       |       |     2 |       |       ||     2
  Use: Scroll            |       |       |     6 |    16 |    16 |     2 ||    40
       Potion            |       |       |       |       |     2 |       ||     2
 Stab: Petrified         |       |       |       |       |     6 |       ||     6
       Petrifying        |       |       |       |       |     3 |       ||     3
       Distracted        |       |       |       |       |     1 |       ||     1
       Confused          |       |       |       |       |       |     1 ||     1
  Eat: Chunk             |     3 |    11 |    16 |    28 |    46 |    10 ||   114
       Bread ration      |       |       |     2 |     1 |       |       ||     3
       Fruit             |       |       |       |    10 |     1 |       ||    11
       Meat ration       |       |       |       |       |     5 |     3 ||     8
Armor: Animal skin       |    15 |       |       |       |       |       ||    15
       Scale mail        |    18 |    43 |    41 |       |       |       ||   102
       Chain mail        |       |       |    87 |    48 |       |       ||   135
       Plate armour      |       |       |       |    94 |       |       ||    94
       Ice dragon scales |       |       |       |   173 |    96 |       ||   269
       Crystal plate arm |       |       |       |       |   978 |   461 ||  1439
Dodge: Dodged            |    74 |    91 |   161 |   391 |   657 |   193 ||  1567
Block: Buckler           |       |       |   127 |   505 |  1210 |       ||  1842
       Reflection        |       |       |     5 |    19 |    26 |     8 ||    58
       Shield            |       |       |       |       |    52 |   632 ||   684
       Rpst.: Falchion   |    28 |    32 |    31 |       |       |       ||    91
